AoeStats
← Thedesalizes

Arena

504639738Analyzed
1v1 RM · 25d ago on Sep 6, 2026· 27m 36s· 2 players
Game mode
Random Map
Map size
Tiny (2 player)
Population
200
Speed
Normal
Resources
Standard
Victory
Conquest
Starting age
Dark Age
Ending age
Imperial Age
RankedLock teamsTeams togetherTeam positionsShared explorationLock speedFull tech treeHidden civsTurbo modeCheats
Victory
Defeat
🇭🇰 Turks · Hong Kong SAR China
1038
+16
🇨🇱 Goths · Chile
1044
-16
Thedesalizes
11:41 Feudal Age
15:53 Castle Age
14:53 Double-Bit Axe
15:30 Horse Collar
23:20 Imperial Age
21:46 Gold Mining
22:01 Heavy Plow
23:09 Bow Saw
23:40 Gold Shaft Mining
23:47 Loom
25:05 Wheelbarrow
arvaro90
0:49 Loom
11:02 Feudal Age
14:39 Castle Age
13:14 Double-Bit Axe
16:31 Horse Collar
17:03 Bow Saw
20:59 Gold Mining
24:08 Heavy Plow
28:34 Imperial Age
26:42 Anarchy
27:00 Squires
Connection lost

Rejoining the realm…

Still unreachable

The connection could not be restored.

Session expired

The server has moved on; the page needs a fresh start.